 Dungeon Crawl Stone Soup version 0.30-a0-241-g1121274140 (webtiles) character file.

Game seed: 5951470739221675227

29 gzilladon the Shield-Bearer (level 3, 0/35 HPs)
             Began as a Gnoll Fighter on Oct 10, 2022.
             Slain by a goblin
             ... wielding a +0 club
              (3 damage)
             ... on level 2 of the Dungeon.
             The game lasted 00:02:34 (637 turns).

gzilladon the Shield-Bearer (Gnoll Fighter)          Turns: 637, Time: 00:02:35

Health: 0/35       AC:  7    Str: 17    XL:     3   Next: 16%
Magic:  4/4        EV:  9    Int:  7    God:
Gold:   51         SH:  5    Dex: 11    Spells: 3/3 levels left

rFire   . . .      SeeInvis .    h - +4 spear
rCold   . . .      Faith    .    c - +0 buckler
rNeg    . . .      Spirit   .    b - +0 scale mail
rPois   .          Reflect  .    (no helmet)
rElec   .          Harm     .    (no cloak)
rCorr   .          Rampage  .    (no gloves)
Will    .....                    (no boots)
Stlth   ..........               (no amulet)
HPRegen 0.25/turn                (no ring)
MPRegen 0.09/turn                (no ring)

@: mighty, lethally poisoned (0 -> -3), slowed, very slow
A: fangs 1, strong nose, distributed training
a: no special abilities


You were on level 2 of the Dungeon.
You visited 1 branch of the dungeon, and saw 2 of its levels.

You collected 51 gold pieces.

Inventory:

Hand Weapons
 a - a +0 war axe
 h - a +4 spear (weapon)
Missiles
 j - 6 stones (quivered)
 l - 5 poisoned darts
Armour
 b - a +0 scale mail (worn)
 c - a +0 buckler (worn)
Jewellery
 k - an amulet of faith
Scrolls
 g - a scroll of vulnerability {unknown}
Potions
 e - a potion of haste {unknown}
 f - a potion of ambrosia {unknown}
 i - 2 potions of curing {unknown}


   Skills:
 + Level 6.5 Fighting
 + Level 0.7 Short Blades
 + Level 0.7 Long Blades
 + Level 4.5 Axes
 + Level 0.7 Maces & Flails
 + Level 0.7 Polearms
 + Level 0.7 Staves
 + Level 0.7 Ranged Weapons
 + Level 0.7 Throwing
 + Level 6.5 Armour
 + Level 0.7 Dodging
 + Level 0.7 Stealth
 + Level 6.5 Shields
 + Level 0.7 Unarmed Combat
 + Level 0.7 Spellcasting
 + Level 0.5 Conjurations
 + Level 0.5 Hexes
 + Level 0.5 Summonings
 + Level 0.5 Necromancy
 + Level 0.5 Translocations
 + Level 0.5 Transmutations
 + Level 0.5 Fire Magic
 + Level 0.5 Ice Magic
 + Level 0.5 Air Magic
 + Level 0.5 Earth Magic
 + Level 0.5 Poison Magic
 + Level 0.9 Invocations
 + Level 0.7 Evocations


You had 3 spell levels left.
You didn't know any spells.
Your spell library was empty.

Dungeon Overview and Level Annotations

Branches:
Dungeon (2/15)

Altars:

Annotations:
D:2 Natasha


Innate Abilities, Weirdness & Mutations

You have very sharp teeth.
Your uncanny sense of smell can sniff out nearby items.
Your experience applies equally to all skills.


Message History

You closely miss the goblin.
You feel sick. The adder barely misses you.
The goblin hits you but does no damage.
You hit the adder but do no damage.
You feel sick. The adder closely misses you.
Natasha casts a spell.
The goblin hits you with a +0 club. The frilled lizard bites you.
You closely miss the adder.
You feel sick. The adder completely misses you. Natasha claws you.
The goblin hits you but does no damage. You block the frilled lizard's attack.
The adder bites you but does no damage.
You hit Natasha.
Natasha is moderately wounded.
You feel sick. Natasha claws you but does no damage. The adder misses you.
The frilled lizard bites you but does no damage.
The goblin hits you with a +0 club.
You barely miss Natasha.
Natasha is moderately wounded.
You feel sick.
You are no longer poisoned.
The adder bites you but does no damage.
Natasha stares at you and mumbles some strange words.
You feel yourself slow down. The goblin closely misses you.
The frilled lizard bites you but does no damage.
You feel very mighty all of a sudden. The adder bites you but does no damage.
You block Natasha's attack. The goblin hits you but does no damage.
The frilled lizard barely misses you. The adder bites you but does no damage.
Natasha mumbles some strange words.
You closely miss Natasha. You bite Natasha!
Natasha is almost dead.
The adder bites you but does no damage. The endoplasm freezes you.
You are frozen.
You block the goblin's attack.
The frilled lizard bites you but does no damage.
Natasha claws you!
* * * LOW HITPOINT WARNING * * *
The adder bites you.
* * * LOW HITPOINT WARNING * * *
You are lethally poisoned!
The adder poisons you! The goblin hits you with a +0 club.
You die...

....... ........##
....[...?#
.........#
.......#.####
.......5....####
......hgJ......#
.....5S@.......#
####..l......<.#
#................#
#...........######
#...######### #...
#... ####


You could see an iron imp (summoned), Natasha, an adder, a shadow imp
(summoned), an endoplasm, a goblin and a frilled lizard.

Vanquished Creatures
  4 ball pythons (D:1)
  3 bats (D:1)
  An endoplasm (D:1)
  A giant cockroach (D:1)
  A goblin (D:1)
  4 hobgoblins (D:1)
  3 jackals (D:1)
  3 kobolds (D:1)
  2 quokkas (D:1)
  A frilled lizard (D:1)
  2 rats (D:1)
25 creatures vanquished.

Vanquished Creatures (others)
  9 plants (D:1)
9 creatures vanquished.

Grand Total: 34 creatures vanquished

Notes
Turn   | Place    | Note
-------+----------+-------------------------------------------
     0 | D:1      | gzilladon the Gnoll Fighter began the quest for the Orb.
     0 | D:1      | Reached XP level 1. HP: 23/23 MP: 1/1
    67 | D:1      | Reached XP level 2. HP: 23/29 MP: 2/2
   373 | D:1      | Reached XP level 3. HP: 35/35 MP: 3/3
   627 | D:2      | Noticed Natasha
   637 | D:2      | Slain by a goblin

Illustrated notes

Levels and vault maps discovered:
D:1:      heliophobic_arrival_enchanted_forest, layout_rooms,
          serial_bayou_pond_c, st_stairs_10
D:2:      layout_rooms, ebering_ecumenical_altar_box, serial_corexii_hall,
          corexii_hall_statues_i, chequers_hall_statues_corner_a, uniq_natasha

Action                   || total
-------------------------++-------
Melee: War axe           ||    32
       Bite              ||     6
       Spear             ||    39
  Use: Potion            ||     1
Armor: Scale mail        ||    50
Dodge: Dodged            ||    43
Block: Buckler           ||    23

Table legend: (Time is in decaauts)
 A = Elapsed time spent in this place.
 B = Non-inter-level travel time spent in this place.
 C = Inter-level travel time spent in this place.
 D = Time resting spent in this place.
 E = Time spent auto-exploring this place.
 F = Levels seen in this place.
 G = Mean time per level.
                   A        B        C        D        E       F      G
               +--------+--------+--------+--------+--------+-----+--------+
         Total |    659 |    599 |     60 |     15 |      0 |   2 |  329.5 |
       Dungeon |    659 |    599 |     60 |     15 |      0 |   2 |  329.5 |
               +--------+--------+--------+--------+--------+-----+--------+

Top non-repeatable levels by time:
     D:1: 642 daAuts
     D:2: 16 daAuts
